SA
LEVITTOWN BLUE DRAGONS @ WASHINGTON GENERALS
09/01/2042
 
TOP OF THE 1ST
Levittown Blue Dragons batting - Pitching for Washington Generals : RHP Ron Blackshaw
Pitching: RHP Ron Blackshaw
Batting: RHB An-yi Zhou 0-0: Ball
1-0: Fly out, F7 (Flyball, 7LS, EV 90.6 MPH)
Batting: LHB Ernesto Valenzuela 0-0: SINGLE (Groundball, 4MD, EV 96.9 MPH)
Batting: LHB Josh Hall 0-0: Ball
1-0: Ball
2-0: Called Strike
2-1: Called Strike
2-2: Ball
3-2: DOUBLE (Line Drive, 7LS, EV 115.0 MPH)
Ernesto Valenzuela to third
Batting: RHB Aaron Attyte 0-0: Swinging Strike
0-1: Foul Ball, location: 2F
0-2: Ball
1-2: Fly out, F8 (Flyball, 78D, EV 96.9 MPH)
Runner from 3rd tags up, SCORES, throw by CF
Josh Hall to third
Batting: LHB Norm Williams 0-0: Ball
1-0: Ball
2-0: Called Strike
2-1: DOUBLE (Flyball, 78D, EV 86.2 MPH)
Josh Hall scores
Batting: RHB Abednego Ashpenaz 0-0: Ball
1-0: Ball
2-0: Ball
3-0: Called Strike
3-1: SINGLE (Flyball, 89M, EV 93.1 MPH)
Norm Williams to third
Batting: RHB Jim Ellis 0-0: Ball
1-0: Foul Ball, location: 2F
1-1: Ball
2-1: SINGLE (Groundball, 56D, EV 102.5 MPH)
Norm Williams scores
Abednego Ashpenaz to second
Batting: SHB Daniel Washington 0-0: Ball
1-0: Ball
2-0: Ball
3-0: Called Strike
3-1: Swinging Strike
3-2: Strikes out swinging
Top of the 1st over - 3 runs, 5 hits, 0 errors, 2 left on base; Levittown 3 - Washington 0
BOTTOM OF THE 1ST
Washington Generals batting - Pitching for Levittown Blue Dragons : RHP Ramón González
Pitching: RHP Ramón González
Batting: LHB Gabriel Gonzáles 0-0: Called Strike
0-1: Ball
1-1: Ball
2-1: Ball
3-1: Fly out, F5 (Popup, 25F, EV 74.4 MPH)
Batting: RHB Joe Gilmore 0-0: SINGLE (Line Drive, 89M, EV 91.2 MPH)
Batting: RHB Asko Huhtamo 0-0: Ball
1-0: Foul Ball, location: 2F
1-1: Fly out, F8 (Line Drive, 8RD, EV 91.2 MPH)
Batting: RHB Gadiel Fida 0-0: Called Strike
Joe Gilmore steals 2nd base
0-1: Ball
1-1: Ball
2-1: Swinging Strike
2-2: Strikes out looking
Bottom of the 1st over - 0 runs, 1 hit, 0 errors, 1 left on base; Levittown 3 - Washington 0
TOP OF THE 2ND
Levittown Blue Dragons batting - Pitching for Washington Generals : RHP Ron Blackshaw
Batting: SHB Luis Miguel Garza 0-0: Foul Ball, location: 2F
0-1: Ground out U3 (Groundball, 3L, EV 84.4 MPH)
Batting: RHB An-yi Zhou 0-0: Ball
1-0: Ball
2-0: Called Strike
2-1: Swinging Strike
2-2: Foul Ball, location: 2F
2-2: Foul Ball, location: 2F
2-2: Ball
3-2: Strikes out swinging
Batting: LHB Ernesto Valenzuela 0-0: Called Strike
0-1: Called Strike
0-2: Strikes out swinging
Top of the 2nd over - 0 runs, 0 hits, 0 errors, 0 left on base; Levittown 3 - Washington 0
BOTTOM OF THE 2ND
Washington Generals batting - Pitching for Levittown Blue Dragons : RHP Ramón González
Batting: RHB Javier García 0-0: Called Strike
0-1: Ball
1-1: Fly out, F9 (Flyball, 9S, EV 96.2 MPH)
Batting: RHB Xavier Hutchesson 0-0: Ball
1-0: Ball
2-0: Called Strike
2-1: Swinging Strike
2-2: Ball
3-2: Foul Ball, location: 2F
3-2: Ground out U3 (Groundball, 3, EV 83.1 MPH)
Batting: RHB Mo Westoby 0-0: Ground out 5-3 (Groundball, 56, EV 88.1 MPH)
Bottom of the 2nd over - 0 runs, 0 hits, 0 errors, 0 left on base; Levittown 3 - Washington 0
TOP OF THE 3RD
Levittown Blue Dragons batting - Pitching for Washington Generals : RHP Ron Blackshaw
Batting: LHB Josh Hall 0-0: Ball
1-0: Ball
2-0: Called Strike
2-1: Ground out 2-3 (Groundball, 2R, EV 76.2 MPH)
Batting: RHB Aaron Attyte 0-0: Called Strike
0-1: Ball
1-1: Ball
2-1: Swinging Strike
2-2: Strikes out looking
Batting: LHB Norm Williams 0-0: Swinging Strike
0-1: Ball
1-1: Ball
2-1: Swinging Strike
2-2: Foul Ball, location: 2F
2-2: Strikes out swinging
Top of the 3rd over - 0 runs, 0 hits, 0 errors, 0 left on base; Levittown 3 - Washington 0
BOTTOM OF THE 3RD
Washington Generals batting - Pitching for Levittown Blue Dragons : RHP Ramón González
Batting: RHB Paul Marchand 0-0: Fly out, F2 (Popup, 3SF, EV 77.5 MPH)
Batting: RHB Roberto Suárez 0-0: Ball
1-0: Ball
2-0: Ball
3-0: Called Strike
3-1: Base on Balls
Batting: LHB Gabriel Gonzáles 0-0: Called Strike
0-1: Foul Ball, location: 2F
0-2: Ball
1-2: Ball
2-2: Ball
3-2: Base on Balls
Roberto Suárez to second
Batting: RHB Joe Gilmore 0-0: Fly out, F9 (Line Drive, 9, EV 107.5 MPH)
Batting: RHB Asko Huhtamo 0-0: Called Strike
0-1: Ball
1-1: SINGLE (Line Drive, 3D, EV 97.5 MPH)
Roberto Suárez to third
Gabriel Gonzáles to second
Runner from 3rd tries for Home, SAFE, no throw by RF
Batting: RHB Gadiel Fida 0-0: Ball
1-0: Called Strike
1-1: Ball
2-1: Called Strike
2-2: Foul Ball, location: 2F
2-2: Fly out, F6 (Popup, P, EV 86.9 MPH)
Bottom of the 3rd over - 1 run, 1 hit, 0 errors, 2 left on base; Levittown 3 - Washington 1
TOP OF THE 4TH
Levittown Blue Dragons batting - Pitching for Washington Generals : RHP Ron Blackshaw
Batting: RHB Abednego Ashpenaz 0-0: Ball
1-0: SINGLE (Flyball, 78S, EV 85.6 MPH)
Batting: RHB Jim Ellis 0-0: Foul Ball, location: 2F
0-1: Foul Ball, location: 2F
0-2: Foul Ball, location: 2F
0-2: Foul Ball, location: 2F
0-2: Foul Ball, location: 2F
0-2: Grounds into double play, 6-4-3 (Groundball, 6S, EV 91.2 MPH)
Batting: SHB Daniel Washington 0-0: Ball
1-0: Ball
2-0: Ball
3-0: Called Strike
3-1: Base on Balls
Batting: SHB Luis Miguel Garza 0-0: Ball
1-0: Ball
2-0: Swinging Strike
2-1: Foul Ball, location: 2F
2-2: Strikes out looking
Top of the 4th over - 0 runs, 1 hit, 0 errors, 1 left on base; Levittown 3 - Washington 1
BOTTOM OF THE 4TH
Washington Generals batting - Pitching for Levittown Blue Dragons : RHP Ramón González
Batting: RHB Javier García 0-0: Ball
1-0: Swinging Strike
1-1: Called Strike
1-2: Foul Ball, location: 2F
1-2: Foul Ball, location: 2F
1-2: Ball
2-2: Foul Ball, location: 2F
2-2: SINGLE (Line Drive, 7LS, EV 93.8 MPH)
Batting: RHB Xavier Hutchesson 0-0: Called Strike
0-1: Ground out 5-3 (Groundball, 56S, EV 69.4 MPH)
Javier García to second
Batting: RHB Mo Westoby 0-0: Ball
1-0: SINGLE (Line Drive, 7S, EV 103.1 MPH)
Javier García to third
Batting: RHB Paul Marchand 0-0: Called Strike
0-1: Fly out, F8 (Flyball, 89M, EV 86.9 MPH)
Batting: RHB Roberto Suárez 0-0: Ball
1-0: Fly out, F9 (Line Drive, 9, EV 105.6 MPH)
Bottom of the 4th over - 0 runs, 2 hits, 0 errors, 2 left on base; Levittown 3 - Washington 1
TOP OF THE 5TH
Levittown Blue Dragons batting - Pitching for Washington Generals : RHP Ron Blackshaw
Batting: RHB An-yi Zhou 0-0: Ball
1-0: Ground out 5-3 (Groundball, 56, EV 88.8 MPH)
Batting: LHB Ernesto Valenzuela 0-0: Called Strike
0-1: Ball
1-1: Ball
2-1: Ball
3-1: Called Strike
3-2: Strikes out swinging
Batting: LHB Josh Hall 0-0: Foul Ball, location: 2F
0-1: Foul Ball, location: 2F
0-2: Ground out U3 (Groundball, 3, EV 82.5 MPH)
Top of the 5th over - 0 runs, 0 hits, 0 errors, 0 left on base; Levittown 3 - Washington 1
BOTTOM OF THE 5TH
Washington Generals batting - Pitching for Levittown Blue Dragons : RHP Ramón González
Batting: LHB Gabriel Gonzáles 0-0: Ball
1-0: Ball
2-0: Ball
3-0: Base on Balls
Batting: RHB Joe Gilmore 0-0: Ball
Gabriel Gonzáles steals 2nd base
1-0: Called Strike
1-1: Foul Ball, location: 2F
1-2: Ball
2-2: 2-RUN HOME RUN (Flyball, 9LD, EV 101.2 MPH), Distance : 357 ft
Batting: RHB Asko Huhtamo 0-0: Fly out, F8 (Flyball, 89D, EV 90.6 MPH)
Batting: RHB Gadiel Fida 0-0: Reached on error, E5 (Line Drive, 5, EV 75.0 MPH)
Batting: RHB Javier García 0-0: Ball
1-0: Ball
2-0: Ball
3-0: Called Strike
3-1: Swinging Strike
3-2: Strikes out swinging
Batting: RHB Xavier Hutchesson 0-0: Ball
1-0: Called Strike
1-1: Ground out 4-3 (Groundball, 4S, EV 86.9 MPH)
Bottom of the 5th over - 2 runs, 1 hit, 1 error, 1 left on base; Levittown 3 - Washington 3
TOP OF THE 6TH
Levittown Blue Dragons batting - Pitching for Washington Generals : RHP Ron Blackshaw
Batting: RHB Aaron Attyte 0-0: Ball
1-0: Ball
2-0: Ball
3-0: Called Strike
3-1: Swinging Strike
3-2: Ground out 4-3 (Groundball, 34, EV 82.5 MPH)
Batting: LHB Norm Williams 0-0: Called Strike
0-1: Swinging Strike
0-2: Strikes out swinging
Batting: RHB Abednego Ashpenaz 0-0: Ball
1-0: Ball
2-0: Called Strike
2-1: Ball
3-1: Foul Ball, location: 2F
3-2: Strikes out looking
Top of the 6th over - 0 runs, 0 hits, 0 errors, 0 left on base; Levittown 3 - Washington 3
BOTTOM OF THE 6TH
Washington Generals batting - Pitching for Levittown Blue Dragons : RHP Ramón González
Batting: RHB Mo Westoby 0-0: Called Strike
0-1: Ball
1-1: Swinging Strike
1-2: SINGLE (Groundball, 6MD, EV 104.4 MPH)
Batting: RHB Paul Marchand 0-0: Called Strike
0-1: Ball
1-1: Swinging Strike
1-2: Strikes out swinging
Batting: RHB Roberto Suárez 0-0: Called Strike
0-1: Foul Ball, location: 2F
0-2: SINGLE (Line Drive, 9S, EV 93.8 MPH)
Mo Westoby to second
Runner from 2nd tries for 3rd, SAFE, no throw by RF
Batting: LHB Gabriel Gonzáles 0-0: Called Strike
0-1: Ball
1-1: Swinging Strike
1-2: Ball
2-2: Ball
3-2: Grounds into double play, 4-6-3 (Groundball, 4, EV 85.6 MPH)
Bottom of the 6th over - 0 runs, 2 hits, 0 errors, 1 left on base; Levittown 3 - Washington 3
TOP OF THE 7TH
Levittown Blue Dragons batting - Pitching for Washington Generals : RHP Ron Blackshaw
Pitching: LHP Sung-tae O
Batting: RHB Jim Ellis 0-0: Foul Ball, location: 2F
0-1: Foul Ball, location: 2F
0-2: Ground out 4-3 (Groundball, 34, EV 97.5 MPH)
Batting: SHB Daniel Washington 0-0: Foul Ball, location: 2F
0-1: Ball
1-1: Fly out, F8 (Flyball, 8LD, EV 101.2 MPH)
Batting: SHB Luis Miguel Garza 0-0: Ball
1-0: Foul Ball, location: 2F
1-1: Swinging Strike
1-2: Ball
2-2: Strikes out swinging
Top of the 7th over - 0 runs, 0 hits, 0 errors, 0 left on base; Levittown 3 - Washington 3
BOTTOM OF THE 7TH
Washington Generals batting - Pitching for Levittown Blue Dragons : RHP Ramón González
Batting: RHB Joe Gilmore 0-0: Called Strike
0-1: Swinging Strike
0-2: Ground out 6-3 (Groundball, 6, EV 80.0 MPH)
Batting: RHB Asko Huhtamo 0-0: Ball
1-0: Called Strike
1-1: Foul Ball, location: 2F
1-2: Ball
2-2: Foul Ball, location: 2F
2-2: Foul Ball, location: 2F
2-2: Foul Ball, location: 2F
2-2: Foul Ball, location: 2F
2-2: Ball
3-2: Foul Ball, location: 2F
3-2: Strikes out swinging
Pitching: RHP Shawn Adams
Batting: RHB Gadiel Fida 0-0: Called Strike
0-1: Fly out, F7 (Line Drive, 78M, EV 98.8 MPH)
Bottom of the 7th over - 0 runs, 0 hits, 0 errors, 0 left on base; Levittown 3 - Washington 3
TOP OF THE 8TH
Levittown Blue Dragons batting - Pitching for Washington Generals : LHP Sung-tae O
Batting: RHB An-yi Zhou 0-0: Ball
1-0: Foul Ball, location: 2F
1-1: Ball
2-1: Swinging Strike
2-2: Ball
3-2: Fly out, F7 (Flyball, 7S, EV 86.9 MPH)
Batting: LHB Ernesto Valenzuela 0-0: Ball
1-0: Swinging Strike
1-1: Swinging Strike
1-2: Ball
2-2: Foul Ball, location: 2F
2-2: Foul Ball, location: 2F
2-2: Foul Ball, location: 2F
2-2: Foul Ball, location: 2F
2-2: Strikes out swinging
Batting: LHB Josh Hall 0-0: Ball
1-0: Ball
2-0: Fly out, F9 (Flyball, 9S, EV 85.0 MPH)
Top of the 8th over - 0 runs, 0 hits, 0 errors, 0 left on base; Levittown 3 - Washington 3
BOTTOM OF THE 8TH
Washington Generals batting - Pitching for Levittown Blue Dragons : RHP Shawn Adams
Batting: RHB Javier García 0-0: Ball
1-0: Called Strike
1-1: Foul Ball, location: 2F
1-2: Ball
2-2: Ball
3-2: DOUBLE (Line Drive, 7LS, EV 99.4 MPH)
Batting: RHB Xavier Hutchesson 0-0: Ball
1-0: Foul Ball, location: 2F
1-1: Called Strike
1-2: Strikes out swinging
Batting: RHB Mo Westoby 0-0: SINGLE (Line Drive, 8RS, EV 95.0 MPH)
Javier García to third
Batting: RHB Paul Marchand 0-0: SINGLE (Groundball, 4MD, EV 104.4 MPH)
Javier García scores
Mo Westoby to second
Batting: RHB Roberto Suárez 0-0: Ball
1-0: Ball
Mo Westoby steals 3rd base
Paul Marchand to second
2-0: Called Strike
2-1: Foul Ball, location: 2F
2-2: Foul Ball, location: 2F
2-2: DOUBLE (Line Drive, 78D, EV 108.1 MPH)
Mo Westoby scores
Paul Marchand scores
Batting: LHB Gabriel Gonzáles 0-0: Intentional Walk
Pitching: RHP Rafael Ramos
Batting: RHB Joe Gilmore 0-0: Called Strike
0-1: Called Strike
0-2: Ball
1-2: Foul Ball, location: 2F
1-2: 3-RUN HOME RUN (Flyball, 7D, EV 111.2 MPH), Distance : 387 ft
Batting: RHB Asko Huhtamo 0-0: Called Strike
0-1: Ball
1-1: Ball
2-1: Fly out, F8 (Flyball, 8LD, EV 102.5 MPH)
Batting: RHB Gadiel Fida 0-0: Ball
1-0: Called Strike
1-1: SINGLE (Groundball, 56D, EV 108.1 MPH)
Batting: RHB Javier García Pickoff Throw to First - Out! 1-3
Bottom of the 8th over - 6 runs, 6 hits, 0 errors, 0 left on base; Levittown 3 - Washington 9
TOP OF THE 9TH
Levittown Blue Dragons batting - Pitching for Washington Generals : LHP Sung-tae O
Batting: RHB Aaron Attyte 0-0: Called Strike
0-1: SINGLE (Flyball, 7LS, EV 98.8 MPH)
Batting: LHB Norm Williams 0-0: Ball
1-0: Fly out, F9 (Line Drive, 9, EV 91.2 MPH)
Batting: RHB Abednego Ashpenaz 0-0: Foul Ball, location: 2F
0-1: Ball
1-1: Ball
2-1: Ball
3-1: Base on Balls
Aaron Attyte to second
Pitching: RHP Francis Riley
Batting: RHB Jim Ellis 0-0: Ball
1-0: Ball
2-0: Foul Ball, location: 2F
2-1: Swinging Strike
2-2: Strikes out swinging
Batting: SHB Daniel Washington 0-0: Ball
1-0: Foul Ball, location: 2F
1-1: Ball
2-1: Ball
3-1: Base on Balls
Aaron Attyte to third
Abednego Ashpenaz to second
Batting: SHB Luis Miguel Garza 0-0: Called Strike
0-1: Swinging Strike
0-2: Strikes out swinging
Top of the 9th over - 0 runs, 1 hit, 0 errors, 3 left on base; Levittown 3 - Washington 9
Friday, March 26th, 2021 - OOTP Baseball 20.8 Build 74